 Dungeon Crawl Stone Soup version 0.30-a0-883-g5ad918d77d (webtiles) character file.

Game seed: 11569340029067995882

37 warriortoast the Trooper (level 3, -1/31 HPs)
             Began as a Barachi Fighter on Mar 16, 2023.
             Slain by an iguana (7 damage)
             ... on level 4 of the Dungeon.
             The game lasted 00:02:27 (885 turns).

warriortoast the Trooper (Barachi Fighter)           Turns: 885, Time: 00:02:27

Health: -1/31      AC:  6    Str: 19    XL:     3   Next: 39%
Magic:  3/3        EV:  9    Int:  8    God:
Gold:   17         SH:  4    Dex: 11    Spells: 2/2 levels left

rFire   . . .      SeeInvis .    i - +5 short sword
rCold   . . .      Faith    .    c - +0 buckler
rNeg    . . .      Spirit   .    b - +0 scale mail
rPois   .          Reflect  .    (no helmet)
rElec   .          Rampage  .    (no cloak)
rCorr   .                        (no gloves)
Will    .....                    (no boots) Stlth
                                 (no amulet)
HPRegen 0.25/turn                (no ring)
MPRegen 0.08/turn                (no ring)

@: slow
A: amphibious, slowness 1, strong legs 1, +LOS
a: Hop


You were on level 4 of the Dungeon.
You visited 1 branch of the dungeon, and saw 3 of its levels.

You collected 17 gold pieces.

Inventory:

Hand Weapons
 a - a +0 war axe
 i - a +5 short sword (weapon)
Armour
 b - a +0 scale mail (worn)
 c - a +0 buckler (worn)
Jewellery
 h - a ring of ice
 k - an amulet of reflection
Scrolls
 e - a scroll of immolation {unknown}
 f - a scroll of identify {unknown}
 g - a scroll of enchant weapon {unknown}
Potions
 d - a potion of might
 j - a potion of degeneration {unknown}
 l - a potion of haste {unknown}


   Skills:
 + Level 4.5 Fighting
 + Level 3.2 Axes
 - Level 3.6 Armour
 - Level 3.2 Shields


You had 2 spell levels left.
You didn't know any spells.
Your spell library was empty.

Dungeon Overview and Level Annotations

Branches:
Dungeon (2/15)

Altars:
Qazlal

Shops:
D:2 :


Innate Abilities, Weirdness & Mutations

You are amphibious.
You cover ground slowly.
You can hop short distances.
You have an extended range of vision and can be seen from far away.


Message History

You see here an orb of mayhem.
l - a metallic inky potion You see here 2 stones.
There is a stone staircase leading down here.
A frilled lizard comes into view.
A sourceless malevolence fills the Dungeon...
You fall into a shaft and drop 2 floors!
The shaft crumbles and collapses.
No target in view!
Found a stone staircase leading down.
Found a spear.
There is a stone staircase leading down here.
Found a stone staircase leading down.
An iguana comes into view.
The iguana hisses angrily.
The iguana barely misses you.
You hit the iguana but do no damage. The iguana bites you!
You hit the iguana but do no damage. The iguana bites you!
You are too injured to fight recklessly!
You are too injured to fight recklessly!
You hit the iguana.
The iguana is lightly wounded.
The iguana bites you but does no damage.
You hit the iguana.
The iguana is heavily wounded.
The iguana bites you but does no damage.
You hit the iguana.
The iguana is severely wounded.
The iguana bites you but does no damage.
You hit the iguana.
The iguana is almost dead.
The iguana bites you!
* * * LOW HITPOINT WARNING * * *
You hit the iguana.
The iguana is almost dead.
You block the iguana's attack.
You barely miss the iguana.
The iguana is almost dead.
The iguana bites you!
You die...

... #.# .... ..#
. ... ..# .
...#.# #? ..#.#
.##.##.#.#
.......#.#
........l####
#...@...#####
#............
#..#.##......
#....# #####
#....# #....# ..
. #....# ..
...###....######
.#
...............#


You could see an iguana.

Vanquished Creatures
  A dart slug (D:2)
  3 bats (D:1)
  3 endoplasms
  2 giant cockroaches
  A goblin (D:1)
  4 jackals (D:1)
  A quokka (D:1)
  A ball python (D:1)
  7 frilled lizards (D:1)
  6 kobolds (D:1)
  5 rats (D:1)
34 creatures vanquished.

Notes
Turn   | Place    | Note
-------+----------+-------------------------------------------
     0 | D:1      | warriortoast the Barachi Fighter began the quest for the
                  | Orb.
     0 | D:1      | Reached XP level 1. HP: 18/18 MP: 1/1
   139 | D:1      | Reached skill level 4 in Fighting
   139 | D:1      | Reached XP level 2. HP: 24/25 MP: 2/2
   343 | D:1      | Reached XP level 3. HP: 25/31 MP: 3/3
   735 | D:2      | Found Favur's Vocational Training.
   768 | D:2      | Found a stormy altar of Qazlal.
   826 | D:2      | You fall into a shaft and drop 2 floors!
   885 | D:4      | Slain by an iguana

Illustrated notes

Levels and vault maps discovered:
D:1:      lemuel_arrival_lava_pool, layout_loops_ring,
          chequers_serial_rivers_room_a, minmay_curled_crystal,
          minmay_lizard_pond
D:2:      layout_basic, serial_shops, nicolae_shop_window_shopping, basic_altar,
          nicolae_shop_vocational
D:4:      layout_basic, gammafunk_ghost_abyssal_escape, uniq_menkaure

Skill      XL: |  1  2 |
---------------+-------+-----
Fighting       | 4 |  4.5
Axes           | 3 |  3.2
Armour         | |  3.6
Shields        | |  3.2

Action                     || total
---------------------------++-------
  Melee: War axe           ||    66
         Short sword       ||    26
 Armour: Scale mail        ||    44
  Dodge: Dodged            ||    42
  Block: Buckler           ||    23

Table legend: (Time is in decaauts)
 A = Elapsed time spent in this place.
 B = Non-inter-level travel time spent in this place.
 C = Inter-level travel time spent in this place.
 D = Time resting spent in this place.
 E = Time spent auto-exploring this place.
 F = Levels seen in this place.
 G = Mean time per level.
                   A        B        C        D        E       F      G
               +--------+--------+--------+--------+--------+-----+--------+
         Total |   1055 |   1027 |     28 |      0 |    794 |   3 |  351.7 |
       Dungeon |   1055 |   1027 |     28 |      0 |    794 |   3 |  351.7 |
               +--------+--------+--------+--------+--------+-----+--------+

Top non-repeatable levels by time:
     D:1: 853 daAuts
     D:2: 133 daAuts
     D:4: 69 daAuts
